 Dungeon Crawl Stone Soup version 0.28.0-45-g0d030f2227 (webtiles) character file.

Game seed: 3517331680723256984

102 GigaChad the Shield-Bearer (level 4, -1/41 HPs)
             Began as a Minotaur Fighter on Apr 19, 2022.
             Was a Believer of Fedhas.
             Slain by a killer bee (2 damage)
             ... on level 4 of the Dungeon.
             The game lasted 00:09:59 (2448 turns).

GigaChad the Shield-Bearer (Minotaur Fighter)       Turns: 2448, Time: 00:09:59

Health: -1/41      AC: 14    Str: 20    XL:     4   Next: 50%
Magic:  3/3        EV:  7    Int:  5    God:    Fedhas [**....]
Gold:   109        SH:  5    Dex: 12    Spells: 3/3 levels left

rFire   . . .      SeeInvis .   a - +1 long sword
rCold   . . .      Faith    .   c - +0 buckler
rNeg    . . .      Spirit   .   n - +1 chain mail
rPois   .          Reflect  .   (helmet restricted)
rElec   .          Harm     .   (no cloak)
rCorr   .          Rampage  .   (no gloves)
Will    .....                   (no boots)
Stlth   ..........              (no amulet)
HPRegen 0.13/turn               i - +4 ring of protection
MPRegen 0.08/turn               (no ring)

@: lethally poisoned (-1 -> -5), studying Polearms
A: horns 2, retaliatory headbutt
a: Renounce Religion, Wall of Briars


You were on level 4 of the Dungeon.
You worshipped Fedhas.
Fedhas was pleased with you.
You visited 1 branch of the dungeon, and saw 4 of its levels.

You collected 109 gold pieces.

Inventory:

Hand Weapons
 a - a +1 long sword (weapon)
 m - the +8 whip "Gyfyahadoo" {venom, Dex+4}
   (You found it on level 2 of the Dungeon)

   It poisons the flesh of those it strikes.
   Dex:       It affects your dexterity (+4).
Missiles
 g - 5 poisoned darts (quivered)
 j - 56 arrows
Armour
 b - a +0 scale mail
 c - a +0 buckler (worn)
 n - a +1 chain mail (worn)
 p - the +1 scale mail "Nuot Puz" {-Tele rF+++ Will+++ MP-9}
   (You found it on level 2 of the Dungeon)

   rF:        It renders you almost immune to fire.
   MP:        It affects your magic capacity (-9).
   -Tele:     It prevents most forms of teleportation.
   Will:      It greatly increases your willpower.
Jewellery
 i - a +4 ring of protection (left hand)
Potions
 d - a potion of might
 e - a potion of invisibility {unknown}
 f - 2 potions of haste {unknown}
 h - a potion of flight {unknown}
 k - a potion of cancellation {unknown}
 l - a potion of heal wounds {unknown}
 o - a potion of curing {unknown}
 q - a potion of mutation {unknown}


   Skills:
 + Level 4.3 Fighting
 + Level 3.8 Long Blades
 + Level 4.2 Armour
 + Level 0.2 Dodging
 + Level 0.2 Stealth
 + Level 4.4 Shields


You had 3 spell levels left.
You didn't know any spells.
Your spell library contained the following spells:

 Spells                   Type           Power      Damage    Failure   Level
 Blink                    Tloc           0%         N/A       100%        2
 Lesser Beckoning         Tloc           0%         N/A       100%        3
 Manifold Assault         Tloc           0%         N/A       100%        5


Dungeon Overview and Level Annotations

Branches:
Dungeon (4/15)
 Temple: D:4-7

Altars:
Fedhas


Innate Abilities, Weirdness & Mutations

You have a pair of horns on your head.
You reflexively headbutt those who attack you in melee.


Message History

The killer bee stings you but does no damage.
The killer bee stings you.
A quokka comes into view.
The killer bee barely misses you.
You miss the killer bee. The killer bee stings you.
You are poisoned.
The killer bee poisons you!
The killer bee stings you but does no damage.
You block the killer bee's attack. x2; The killer bee stings you.
You are more poisoned.
The killer bee poisons you!
You barely miss the killer bee.
You feel very sick. The killer bee stings you.
The killer bee stings you but does no damage. x2
The killer bee stings you.
You are lethally poisoned!
The killer bee poisons you!
* * * LOW HITPOINT WARNING * * *
You feel very sick.
The killer bee stings you but does no damage.
You see here 21 sling bullets.
* * * LOW HITPOINT WARNING * * *
You feel very sick. The killer bee barely misses you.
* * * LOW HITPOINT WARNING * * *
You feel very sick. You block the killer bee's attack.
A hobgoblin comes into view.
* * * LOW HITPOINT WARNING * * *
You feel sick.
The hobgoblin shouts!
The killer bee stings you but does no damage.
* * * LOW HITPOINT WARNING * * *
You feel sick.
You barely miss the killer bee.
* * * LOW HITPOINT WARNING * * *
You feel sick. The killer bee stings you.
You die...
Fedhas appreciates your contribution to the ecosystem.

#.# #.# #.# #.## #..
.. #.# #####g...
#.######.###y.......
#..<...)r.yy@#
#......#y#####
######.#.....#
#.#.###.# ..#.#
#.#.# ###.# #.# #.#
#.###.#


You could see 4 killer bees, a quokka and a hobgoblin.

Vanquished Creatures
  A gnoll (D:1)
  An adder (D:2)
  3 worms
  A dart slug (D:1)
  3 orcs (D:3)
  3 ball pythons
  9 bats
  6 endoplasms
  A giant cockroach (D:2)
  7 goblins
  8 hobgoblins
  2 jackals (D:1)
  3 quokkas
  4 frilled lizards
  7 kobolds
  2 rats
61 creatures vanquished.

Notes
Turn   | Place    | Note
-------+----------+-------------------------------------------
     0 | D:1      | GigaChad the Minotaur Fighter began the quest for the Orb.
     0 | D:1      | Reached XP level 1. HP: 19/19 MP: 0/0
   208 | D:1      | Reached XP level 2. HP: 27/27 MP: 1/1
   385 | D:1      | Reached XP level 3. HP: 26/33 MP: 2/2
   878 | D:2      | Identified the +8 whip "Gyfyahadoo" {venom, Dex+4}
   961 | D:2      | Identified the +1 scale mail "Nuot Puz" {-Tele rF+++
                  | Will+++ MP-9}
   986 | D:2      | Found a faded altar of an unknown god.
  1033 | D:2      | Prayed at the altar of an unknown god.
  1033 | D:2      | Became a worshipper of Fedhas Madash
  1033 | D:2      | Reached * piety under Fedhas
  1111 | D:2      | Reached XP level 4. HP: 13/40 MP: 3/3
  2270 | D:3      | Reached ** piety under Fedhas
  2448 | D:4      | HP: 1/41 [poisoned by a killer bee]
  2448 | D:4      | Slain by a killer bee

Illustrated notes

Levels and vault maps discovered:
D:1:      dpeg_arrival_morbid_curiosity, layout_rooms
D:2:      layout_basic, basic_ecumenical_altar
D:3:      layout_basic
D:4:      layout_loops_ring, serial_shops, kennysheep_little_box,
          minmay_manual_maat, uniq_blork_the_orc, uniq_ijyb

Skill      XL: |  1  2  3 |
---------------+----------+-----
Fighting       | 4 |  4.3
Shields        | 4 |  4.4
Armour         | 4 |  4.2
Long Blades    | 3 |  3.8
Dodging        | |  0.2
Stealth        | |  0.2

Action                   |  1- 3 |  4- 6 || total
-------------------------+-------+-------++-------
Melee: Long sword        |    92 |    44 ||   136
       Headbutt          |    11 |    11 ||    22
Throw: Dart              |       |     1 ||     1
  Use: Scroll            |       |     8 ||     8
Armor: Scale mail        |    53 |       ||    53
       Chain mail        |    37 |    47 ||    84
Dodge: Dodged            |    75 |    15 ||    90
Block: Buckler           |    40 |    20 ||    60
